cohdb
Replays
Latest Replays
All Replays
Popular Replays
Top Player Replays
Match Explorer
How It Works
Community
CoH3 Stats
Reddit
Sign in to upload your games and track your stats! →
Sign in with Steam
Match 40931272
Unlisted
Match 40931272
Overview
Messages
Build Orders
End
Vickers Machine Gun Team
Construct Section Command Post
Infantry Section
Infantry Section
Selects Air and Sea Battlegroup
Construct Platoon Command Post
Grenade Package
Selects Commando Section Paradrop
Selects Commando Support Section Paradrop
Commando Support Section Paradrop
Commando Section Paradrop
Selects Supply Surplus
Selects UNKNOWN (223837)
Construct Company Command Post
ninja6398
Edeon
joosty22
MZMZ
OTTOMANEMPEROR
jerjawe
0
0
Comments
sign in to comment!
No comments posted yet!